Map: Dusk Towers

Players

LilDicky - Winner!

  • Race: Terran Terran
  • League: Diamond

ItsTheFark

  • Race: Zerg Zerg
  • League: Diamond

VOD

http://www.twitch.tv/tumescentpie

Description

Time

  • Played on: Nov. 22, 2015, 8:24 p.m.
  • Length: 29:16
Show
View Real Time Build Order
Export as new Build Order

LilDicky Terran - Winner!

Build Orders: Command Center First (CC) 

Get SALT Encoding   

  12  0:03  SCV  
  13  0:15  SCV  
  13  0:20  Supply Depot  
  14  0:28  SCV  
  15  0:41  SCV  
  16  0:54  SCV  
  17  1:02  Command Center  
  17  1:11  Barracks  
  17  1:15  SCV  
  18  1:33  SCV  
  18  1:36  Supply Depot  
  19  1:45  SCV  
  20  1:58  SCV  
  21  2:02  Marine  
  22  2:13  Orbital Command  
  22  2:15  Orbital Command  
  22  2:22  Marine  
  23  2:27  Command Center  
  23  2:46  SCV  
  23  2:47  SCV  
  25  2:52  Marine  
  25  2:57  Refinery x2  
  26  2:58  SCV, Refinery  
  26  3:00  Refinery  
  27  3:06  SCV  
  28  3:14  SCV, Marine  
  30  3:25  SCV  
  31  3:32  Marine  
  32  3:37  SCV  
  33  3:41  Orbital Command  
  33  3:42  Factory  
  33  3:45  SCV  
  34  3:54  SCV  
  35  3:55  Command Center  
  35  3:59  SCV, Marine  
  37  4:06  SCV  
  37  4:07  SCV  
  39  4:11  SCV, Engineering Bay  
  39  4:16  Marine  
  40  4:18  SCV, Engineering Bay  
  42  4:25  Factory Reactor  
  42  4:28  Starport  
  42  4:33  SCV  
  42  4:35  SCV, Marine  
  42  4:37  SCV  
  46  4:45  SCV  
  46  4:48  SCV  
  46  4:51  Liberator  
  47  4:55  Marine  
  48  5:04  Hellion x2  
  52  5:09  SCV  
  56  5:14  Missile Turret  
  56  5:17  Terran Infantry Weapons Level 1, Missile Turret  
  56  5:20  Terran Infantry Armor Level 1  
  56  5:29  Hellion x2  
  56  5:31  SCV  
  61  5:40  SCV  
  62  5:49  Bunker  
  62  5:51  Hellion x2, Starport  
  62  5:52  Starport  
  62  5:53  Starport  
  62  5:54  Armory, Starport Reactor  
  62  5:55  Armory  
  66  6:08  SCV  
  66  6:09  SCV x2, Planetary Fortress  
  69  6:13  Missile Turret  
  69  6:18  Hellion x2  
  73  6:21  SCV  
  74  6:27  Supply Depot  
  74  6:29  Starport Tech Lab x3  
  66  6:43  Liberator  
  66  6:56  Banshee x2  
  66  6:57  Banshee, Cloaking Field  
  66  6:58  Corvid Reactor  
  78  7:02  Terran Vehicle And Ship Armor Level 1  
  78  7:03  Terran Ship Weapons Level 1  
  78  7:06  SCV x2  
  80  7:08  Refinery  
  80  7:09  Refinery  
  80  7:10  SCV x2  
  80  7:12  Command Center, Supply Depot  
  82  7:16  Liberator  
  82  7:18  SCV x2  
  84  7:33  Supply Depot  
  87  7:42  Hi-Sec Auto Tracking  
  87  7:44  Building Armor  
  84  7:59  Supply Depot  
  84  8:04  Missile Turret  
  84  8:05  Missile Turret  
  84  8:11  Supply Depot  
  84  8:14  SCV x2  
  84  8:16  Missile Turret  
  78  8:29  Liberator x5  
  81  8:48  SCV  
  82  9:00  SCV x3, Missile Turret  
  85  9:04  Missile Turret x2  
  85  9:07  Missile Turret  
  85  9:08  Terran Vehicle And Ship Armor Level 2  
  85  9:09  Terran Ship Weapons Level 2  
  85  9:12  Liberator  
  85  9:13  Terran Infantry Weapons Level 2, Missile Turret  
  85  9:14  SCV x2  
  87  9:17  Missile Turret  
  87  9:18  Missile Turret  
  87  9:19  Hellion x2  
  91  9:25  Factory, Missile Turret  
  91  9:30  Missile Turret  
  92  9:48  Planetary Fortress  
  92  9:50  SCV x3  
  95  9:53  SCV  
  95  9:58  Command Center, Widow Mine x2  
  95  9:59  Missile Turret  
  100  10:00  Missile Turret  
  100  10:02  SCV  
  100  10:04  Raven x2  
  100  10:07  Missile Turret  
  105  10:08  SCV x3, Missile Turret  
  105  10:13  Liberator x2  
  108  10:16  Refinery  
  108  10:19  Refinery, Factory Reactor  
  108  10:24  Missile Turret  
  108  10:25  SCV x2  
  108  10:28  Raven, Missile Turret  
  110  10:33  Missile Turret  
  118  10:47  Missile Turret, Fusion Core  
  118  10:52  Missile Turret  
  118  10:53  Banshee x2  
  124  10:58  Supply Depot  
  124  11:10  Liberator x2  
  120  11:13  Planetary Fortress  
  120  11:17  Command Center  
  120  11:20  Missile Turret  
  120  11:24  Banshee, Missile Turret  
  123  11:30  Hellion  
  123  11:31  Hellion x3  
  137  11:33  SCV x2  
  135  11:40  Missile Turret x2  
  135  11:42  Missile Turret  
  135  11:43  Banshee x2, Missile Turret  
  141  11:48  Behemoth Reactor  
  141  11:50  Missile Turret, Hyperflight Rotors  
  141  11:52  Hellion x3  
  147  11:55  Missile Turret  
  147  11:56  Widow Mine  
  149  12:12  Widow Mine  
  151  12:20  Missile Turret  
  151  12:21  Hellion  
  153  12:25  Command Center  
  153  12:29  Hellion  
  155  12:43  Liberator  
  155  12:44  Liberator x3  
  123  13:01  Raven  
  116  13:26  Liberator x2  
  114  13:30  Widow Mine  
  114  13:31  Widow Mine x3  
  122  13:42  Missile Turret  
  122  13:44  Raven x3  
  122  13:45  Orbital Command  
  134  13:48  Missile Turret  
  134  13:49  Missile Turret  
  134  13:50  Missile Turret x2  
  134  13:52  Missile Turret  
  132  14:08  Orbital Command  
  132  14:09  Terran Vehicle And Ship Armor Level 3, Factory, Terran Ship Weapons Level 3  
  130  14:15  Supply Depot  
  128  14:26  Raven x2  
  128  14:31  Command Center x2, Hellion x4  
  140  14:33  Command Center  
  140  14:34  Command Center  
  140  14:35  Command Center x2  
  129  15:16  Liberator x5  
  99  15:58  Liberator x2  
  99  15:59  Liberator x3  
  99  16:03  Planetary Fortress  
  96  16:06  Factory Tech Lab, Missile Turret  
  96  16:08  Orbital Command x4  
  96  16:09  Orbital Command  
  96  16:14  Hellion x2  
  96  16:15  Hellion x2  
  119  16:19  Terran Infantry Weapons Level 3  
  119  16:21  Terran Infantry Armor Level 2  
  119  16:29  Hellion  
  121  16:36  Hellion x4  
  121  16:39  Missile Turret  
  129  16:46  Terran Vehicle Weapons Level 1  
  129  17:01  Viking x3  
  119  17:02  Viking x2  
  108  17:30  Viking  
  108  17:31  Viking x2  
  102  17:39  Viking x2  
  97  17:52  Orbital Command  
  97  17:53  Orbital Command  
  95  18:00  Viking  
  95  18:01  Viking x2  
  95  18:07  Orbital Command  
  95  18:09  Viking x2  
  90  18:14  Command Center  
  90  18:15  Hellion x3  
  90  18:16  Hellion  
  94  18:30  Viking  
  94  18:31  Viking x2  
  98  18:37  Hellion x2  
  98  18:38  Hellion x2  
  98  18:39  Viking x2  
  110  18:45  Missile Turret  
  110  18:46  Liberator  
  110  18:47  Missile Turret  
  108  18:51  Liberator  
  108  18:54  Command Center  
  106  18:59  Hellion x4  
  106  19:00  Viking x2  
  105  19:32  Hellion x4  
  105  19:35  Viking x2  
  113  19:53  Hellion x2  
  113  19:55  Refinery  
  113  19:56  Refinery  
  117  20:04  Planetary Fortress, Refinery x2  
  117  20:07  Planetary Fortress  
  117  20:08  Orbital Command  
  117  20:11  Missile Turret  
  117  20:12  Refinery  
  117  20:17  Refinery  
  101  20:40  Missile Turret x2  
  81  20:47  Hellion x3  
  81  20:48  Hellion  
  85  20:50  Banshee x2  
  91  21:05  Barracks x2  
  91  21:06  Barracks x2  
  91  21:09  Hellion x4  
  91  21:10  Barracks x2  
  91  21:11  Barracks x2, Missile Turret  
  99  21:19  SCV  
  100  21:28  Banshee  
  100  21:30  Hellion x4  
  111  21:33  Banshee, Viking, Battlecruiser  
  111  21:35  Viking  
  118  21:51  Hellion  
  118  21:52  Hellion x2  
  122  22:00  Orbital Command  
  120  22:03  Hellion  
  120  22:07  Marine x6  
  120  22:08  Marine x2  
  126  22:11  Banshee  
  126  22:13  Hellion x2  
  135  22:16  Banshee  
  135  22:18  Barracks Tech Lab  
  138  22:23  Refinery  
  138  22:25  Marine  
  139  22:36  Stimpack, Marine  
  140  22:37  Banshee  
  140  22:41  Barracks Reactor x4  
  140  22:42  Barracks Reactor  
  140  22:43  Marine x2  
  145  22:53  Missile Turret  
  145  22:58  Barracks Tech Lab  
  131  23:18  Hellion x3  
  131  23:19  Banshee x2, Hellion  
  134  23:20  Banshee, Viking x2  
  132  23:27  Weapon Refit  
  132  23:29  Advanced Ballistics  
  132  23:39  Hellion  
  132  23:40  Hellion x3  
  140  23:48  Combat Shields  
  140  23:49  Marine x7  
  140  23:50  Viking, Marine x6  
  155  23:56  Terran Infantry Armor Level 3  
  155  24:00  SCV  
  155  24:01  Hellion x2  
  160  24:06  Marine  
  160  24:07  Viking, Marine x7  
  160  24:08  Viking, Marine x2  
  174  24:12  SCV  
  176  24:24  SCV  
  176  24:27  Battlecruiser, Viking  
  176  24:28  Banshee  
  187  24:36  SCV  
  187  24:37  Banshee  
  191  24:42  Marine x5  
  191  24:43  Marine x4  
  182  25:20  Marine x3  
  182  25:21  Marine x6  
  176  25:22  Marine x4  
  181  25:32  Banshee x3  
  188  25:38  Marine x3  
  163  25:47  Marine x3  
  163  25:48  Marine x7  
  156  25:57  Marine x3  
  156  26:04  Hellion x4  
  167  26:08  Missile Turret  
  167  26:09  Missile Turret  
  167  26:10  Missile Turret  
  167  26:11  Viking x2  
  167  26:13  Marine  
  167  26:14  Marine x3  
  167  26:15  Banshee, Battlecruiser x2  
  190  26:18  SCV  
  190  26:22  Refinery  
  191  26:31  SCV, Marine x2  
  170  26:43  SCV  
  170  26:58  Battlecruiser  
  170  27:35  Battlecruiser x2  
  170  27:36  Marine x9  
  170  27:37  Marine x2  
Show
View Real Time Build Order
Export as new Build Order

ItsTheFark Zerg 

Build Orders: Hatch First, Muta Ling Bane 

Get SALT Encoding   

  12  0:00  Drone  
  13  0:12  Overlord  
  13  0:19  Drone  
  14  0:30  Drone  
  14  0:31  Drone  
  16  0:51  Hatchery  
  16  0:55  Drone  
  16  1:08  Spawning Pool  
  15  1:11  Drone  
  16  1:22  Drone x2  
  18  1:27  Overlord  
  18  1:40  Extractor  
  17  1:56  Zergling x2  
  17  1:57  Zergling x2  
  17  2:00  Queen  
  21  2:02  Queen  
  21  2:06  Drone x2  
  25  2:21  Overlord  
  26  2:22  Drone  
  26  2:23  Drone  
  27  2:37  Queen  
  27  2:38  Queen  
  31  2:51  Metabolic Boost  
  31  2:55  Drone  
  33  3:12  Drone  
  33  3:13  Drone x8  
  33  3:14  Drone  
  42  3:28  Overlord  
  42  3:39  Overlord  
  42  3:45  Drone x2  
  42  3:47  Drone  
  45  3:49  Drone x2  
  45  3:50  Drone x2  
  45  3:52  Extractor  
  48  4:00  Evolution Chamber  
  48  4:01  Drone x2  
  48  4:02  Evolution Chamber  
  48  4:23  Drone  
  49  4:25  Baneling Nest, Zergling x18  
  57  4:54  Lair  
  57  4:57  Zerg Ground Armor Level 1, Zerg Melee Weapons Level 1  
  57  5:06  Drone  
  57  5:16  Hatchery  
  57  5:17  Overlord x2  
  57  5:18  Overlord x2  
  57  5:42  Drone  
  57  5:43  Drone x6  
  57  5:44  Drone  
  57  5:46  Extractor  
  57  5:47  Extractor  
  62  5:51  Zergling x2  
  62  5:52  Zergling x8  
  62  5:55  Centrifical Hooks  
  67  6:01  Drone  
  67  6:03  Spire  
  64  6:39  Drone  
  64  6:40  Drone x12  
  76  6:54  Zerg Ground Armor Level 2, Zerg Melee Weapons Level 2  
  76  6:56  Overlord x4  
  76  6:58  Hatchery, Overseer x2  
  73  7:06  Queen  
  73  7:07  Queen x2  
  79  7:27  Mutalisk x3  
  85  7:40  Zerg Flyer Weapons Level 1  
  85  7:42  Overlord x4  
  85  7:59  Drone x5  
  85  8:00  Drone x3  
  85  8:01  Extractor  
  92  8:05  Extractor  
  92  8:07  Mutalisk x4  
  94  8:58  Drone x4  
  98  9:12  Spire  
  98  9:16  Infestation Pit  
  94  9:33  Extractor  
  94  9:38  Extractor  
  88  9:43  Corruptor  
  88  9:44  Corruptor x5  
  88  9:45  Corruptor x2  
  104  9:53  Hive  
  104  9:54  Zergling x8  
  104  9:55  Zergling x22  
  119  10:10  Overlord x5  
  119  10:12  Hydralisk Den, Overseer x3  
  118  10:20  Burrow  
  118  10:35  Zerg Flyer Weapons Level 2  
  118  10:36  Zerg Flyer Armor Level 1  
  118  10:41  Hatchery  
  107  11:45  Corruptor x8  
  107  11:46  Corruptor x3  
  107  11:47  Corruptor x5  
  139  11:58  Queen  
  141  12:25  Corruptor x6, Queen  
  141  12:26  Corruptor x4  
  158  12:37  Extractor  
  88  12:59  Zergling x6  
  88  13:00  Zergling x10  
  73  13:25  Corruptor  
  73  13:26  Corruptor x8  
  91  13:44  Drone x8  
  98  13:55  Greater Spire  
  98  13:57  Hatchery  
  97  14:17  Drone x7  
  97  14:19  Drone x2  
  105  14:48  Zergling x6  
  105  14:49  Zergling x6  
  107  15:18  Zergling x18  
  107  15:19  Zergling x14  
  105  15:45  Drone x17  
  103  15:53  Brood Lord x2  
  103  15:54  Corruptor, Brood Lord x5  
  103  15:55  Corruptor x8  
  135  16:12  Queen  
  135  16:14  Drone  
  135  16:15  Drone x3  
  139  17:04  Corruptor x6  
  110  18:06  Corruptor x5  
  110  18:07  Corruptor x4  
  120  18:18  Brood Lord x3  
  104  18:37  Corruptor x4  
  104  18:38  Corruptor x4  
  120  18:45  Drone x3  
  120  18:46  Drone  
  97  19:27  Muscular Augments  
  93  19:38  Hydralisk x5  
  91  19:39  Hydralisk x3  
  105  19:47  Drone x17  
  105  19:56  Hatchery  
  104  20:04  Hatchery  
  103  20:10  Queen  
  105  20:18  Hydralisk x7  
  105  20:21  Drone x3, Extractor  
  122  20:22  Extractor  
  98  20:56  Zerg Missile Weapons Level 1  
  98  21:00  Roach Warren  
  98  21:04  Drone x3  
  98  21:05  Drone x3  
  98  21:08  Drone x9  
  112  21:29  Hydralisk  
  112  21:30  Hydralisk x8  
  126  22:01  Drone  
  126  22:02  Drone x3  
  126  22:07  Glial Reconstitution  
  130  22:08  Roach  
  130  22:09  Roach x10  
  130  22:10  Hydralisk x7  
  130  22:14  Extractor, Queen  
  167  22:15  Extractor  
  166  22:22  Overseer  
  166  22:23  Overseer x2  
  162  23:15  Pneumatized Carapace  
  162  23:19  Drone x2  
  160  23:20  Drone x9  
  160  23:21  Drone  
  152  23:30  Spire  
  151  23:35  Drone  
  151  23:36  Drone x2, Hydralisk x13  
  151  23:37  Hydralisk x10  
  151  23:39  Hydralisk  
  151  23:40  Hydralisk x5  
  166  23:41  Roach x10  
  166  23:42  Roach x6  
  166  23:44  Overlord x4  
  174  24:10  Roach x3  
  170  24:52  Spawning Pool  
  169  24:55  Spawning Pool  
  169  24:57  Zerg Missile Weapons Level 2  
  169  24:58  Zerg Ground Armor Level 3  
  140  25:58  Hydralisk x2  
  140  25:59  Hydralisk x4  
  140  26:00  Roach  
  140  26:01  Roach x9  
  172  26:06  Spire  
Tags
 
Add a new tag
Caveats
  • Supply blocks, unpowered buildings, or Contaminate may cause inaccurate times.
  • Supply counts are checked every 10 seconds.